 Dungeon Crawl Stone Soup version 0.24.0-123-gd5b16e6ec5 (webtiles) character file.

Game seed: 14464198331598000994, levelgen mode: deterministic

232 Delamore the Cleaver (level 6, -13/51 HPs)
             Began as a Hill Orc Fighter on Jan 2, 2020.
             Was an Initiate of Okawaru.
             Mangled by an ogre
             ... wielding a +0 giant club
              (24 damage)
             ... on level 4 of the Dungeon.
             The game lasted 00:03:09 (3107 turns).

Delamore the Cleaver (Hill Orc Fighter)             Turns: 3107, Time: 00:03:09

Health: -13/51     AC: 11    Str: 21    XL:     6   Next: 4%
Magic:  6/6        EV:  7    Int: 12    God:    Okawaru [......]
Gold:   180        SH:  9    Dex: 10    Spells: 5/5 levels left

rFire    . . .     SeeInvis .   a - +0 war axe
rCold    + + +     Gourm    .   c - +0 shield
rNeg     . . .     Faith    .   j - +0 ice dragon scales
rPois    .         Spirit   .   (no helmet)
rElec    .         Reflect  .   s - scarf {rC+ rF+}
rCorr    .         Harm     .   (no gloves)
MR       .....                  l - +0 pair of boots
Stlth    ..........             (no amulet)
HPRegen  0.17/turn              k - +4 ring of intelligence
MPRegen  0.10/turn              (no ring)

@: no status effects
A: no striking features
a: Renounce Religion


You were on level 4 of the Dungeon.
You worshipped Okawaru.
Okawaru was noncommittal.
You were not hungry.

You visited 2 branches of the dungeon, and saw 5 of its levels.

You collected 180 gold pieces.

Inventory:

Hand Weapons
 a - a +0 war axe (weapon)
Armour
 b - a +0 scale mail
 c - a +0 shield (worn)
 j - +0 ice dragon scales (worn)
 l - a +0 pair of boots (worn)
 s - a scarf of resistance (worn)
Jewellery
 k - a +4 ring of intelligence (left hand)
Scrolls
 e - a scroll of enchant armour {unknown}
 h - a scroll of remove curse {unknown}
 m - 2 scrolls of fear {unknown}
 p - a scroll of immolation {unknown}
Potions
 d - a potion of might
 g - 3 potions of berserk rage {unknown}
 i - a potion of heal wounds {unknown}
 n - a potion of agility {unknown}
 o - a potion of magic {unknown}
 q - 2 potions of lignification {unknown}
 r - 2 potions of curing {unknown}
 u - a potion of brilliance {unknown}
Comestibles
 f - 5 rations
 t - a chunk of flesh


   Skills:
 - Level 3.6 Fighting
 + Level 8.1 Axes
 - Level 3.2 Armour
 - Level 3.2 Shields


You had 5 spell levels left.
You didn't know any spells.
Your spell library was empty.

Dungeon Overview and Level Annotations

Branches:
Dungeon (4/15)             Temple (1/1) D:4

Altars:
Ashenzari
Cheibriados
Dithmenos
Elyvilon
Fedhas
Gozag
Hepliaklqana
Kikubaaqudgha
Makhleb
Nemelex Xobeh
Okawaru
Ru
Sif Muna
Uskayaw
Wu Jian
Xom
Yredelemnul
Zin
The Shining One


Message History

You block the ogre's attack.
You hit the ogre.
The ogre is heavily wounded.
You block the ogre's attack.
You hit the ogre but do no damage.
The ogre is heavily wounded.
You hit the ogre but do no damage.
The ogre is heavily wounded.
You block the ogre's attack.
You slash the ogre!
The ogre is severely wounded.
The ogre hits you with a +0 giant club!!
Ouch! That really hurt!
* * * LOW HITPOINT WARNING * * *
You are too injured to fight recklessly!
You are too injured to fight recklessly!
You barely miss the ogre.
The ogre is severely wounded.
The ogre hits you with a +0 giant club!!
You die...

....#
#..........###..........
.>..# ##..........#
#.........# ....#
#...........####.#####...
....###................#
...
.........######....#####
.. .#...#####
###..####### .##..###
#...#......#
..............#.........
.#..#..########.@†......
.#..#..# #.O.......
.#..#..# #.........
....#... #.........
......... ..........
..#.... .##........
....... . #........
....... . .........
..#####


You could see an ogre.

Vanquished Creatures
  2 hounds (D:4)
  2 worker ants (D:4)
  A hound skeleton (D:4)
  An adder (D:3)
  2 oozes (D:3)
  A dart slug (D:1)
  5 leopard geckos
  11 orcs (D:3)
  4 giant cockroaches
  10 goblins
  7 hobgoblins
  3 jackals (D:2)
  7 kobolds
  2 quokkas
  2 ball pythons
  6 bats
  3 frilled lizards
  7 rats
76 creatures vanquished.

Notes
Turn   | Place    | Note
-------+----------+-------------------------------------------
     0 | D:1      | Delamore the Hill Orc Fighter began the quest for the Orb.
     0 | D:1      | Reached XP level 1. HP: 19/19 MP: 1/1
    56 | D:1      | Reached skill level 3 in Axes
    63 | D:1      | Reached XP level 2. HP: 23/26 MP: 2/2
   110 | D:1      | You fall into a shaft and drop 1 floor!
   153 | D:2      | Reached skill level 4 in Axes
   601 | D:2      | Reached XP level 3. HP: 31/31 MP: 3/3
   764 | D:1      | Reached skill level 5 in Axes
  1761 | D:3      | Reached XP level 4. HP: 39/39 MP: 4/4
  1914 | D:3      | Reached skill level 6 in Axes
  1991 | D:3      | Found a white marble altar of Elyvilon.
  2579 | D:3      | Found a faded altar of an unknown god.
  2696 | D:4      | Reached XP level 5. HP: 37/45 MP: 5/5
  2709 | D:4      | Reached skill level 7 in Axes
  2779 | D:4      | Found a staircase to the Ecumenical Temple.
  2787 | Temple   | Entered the Ecumenical Temple
  2960 | Temple   | Became a worshipper of Warmaster Okawaru
  3093 | D:4      | Noticed an ogre
  3096 | D:4      | Reached skill level 8 in Axes
  3096 | D:4      | Reached XP level 6. HP: 50/51 MP: 6/6
  3107 | D:4      | Mangled by an ogre

Levels and vault maps discovered:
D:1:      lemuel_arrival_muddy, layout_loops_ring
D:2:      layout_basic, minmay_misc_feat_more_columns
D:3:      layout_basic, nicolae_overflow_hidden_temple,
          chequers_ecumenical_altar_simple_redux
D:4:      layout_rooms, minmay_temple_entry_junction_2, grunt_dithmenos_shadows
Temple:   regret_index_temple_mists

Skill      XL: |  1  2  3  4  5 |
---------------+----------------+-----
Axes           | 3 4 5 6 8 |  8.1
Fighting       | |  3.6
Armour         | |  3.2
Shields        | |  3.2

Action                   |  1- 3 |  4- 6 || total
-------------------------+-------+-------++-------
Melee: War axe           |   116 |   146 ||   262
  Eat: Chunk             |     3 |     5 ||     8
Armor: Scale mail        |    32 |       ||    32
       Ice dragon scales |    55 |    73 ||   128
Dodge: Dodged            |    30 |    32 ||    62
Block: Shield            |    73 |    70 ||   143
